 Dungeon Crawl Stone Soup version 0.27-a0-1497-gf8f22f7954 (webtiles) character file.

Game seed: 826363818542545275

57 Feb132020 the Digger (level 4, 0/24 HPs)
             Began as a Gargoyle Earth Elementalist on July 7, 2021.
             Was an Initiate of Gozag.
             Slain by Robin (3 damage)
             ... on level 3 of the Dungeon.
             The game lasted 00:07:43 (2303 turns).

Feb132020 the Digger (Gargoyle Earth Elementalist)  Turns: 2303, Time: 00:07:43

Health: 0/24       AC:  6    Str: 12    XL:     4   Next: 0%
Magic:  7/7        EV: 12    Int: 16    God:    Gozag
Gold:   39         SH:  0    Dex: 10    Spells: 1/8 levels left

rFire    + . .     SeeInvis .   g - +4 short sword
rCold    . . .     Faith    .   (no shield)
rNeg     + . .     Spirit   .   b - +0 robe
rPois    ∞         Reflect  .   m - +0 helmet
rElec    +         Harm     .   (no cloak)
rCorr    .         Rampage  .   (no gloves)
Will     .....                  (no boots)
Stlth    ++........             (no amulet)
HPRegen  0.08/turn              j - ring of protection from fire
MPRegen  0.10/turn              (no ring)

@: attractive, very slightly contaminated, invisible (expiring)
A: sickness immunity, AC +3, negative energy resistance 1, electricity
resistance, torment resistance 1, petrification resistance
a: Renounce Religion, Potion Petition, Call Merchant, Bribe Branch


You were on level 3 of the Dungeon.
You worshipped Gozag.
Gozag was noncommittal.
You visited 1 branch of the dungeon, and saw 3 of its levels.

You collected 87 gold pieces.
You paid 48 gold pieces to Gozag.

Inventory:

Hand Weapons
 g - a +4 short sword (weapon)
Missiles
 c - 18 stones
Armour
 b - a +0 robe (worn)
 d - +0 pearl dragon scales
 m - a +0 helmet (worn)
Jewellery
 j - a ring of protection from fire (left hand)
Scrolls
 a - 2 scrolls of identify
 e - a scroll of blinking
 f - 2 scrolls of teleportation {unknown}
Potions
 k - a potion of lignification {unknown}
 l - a potion of resistance {unknown}


   Skills:
 + Level 0.3 Fighting
 + Level 1.9 Dodging
 + Level 2.3 Stealth
 + Level 2.6 Spellcasting
 * Level 0.4 Conjurations
 + Level 0.7 Transmutations
 + Level 4.7 Earth Magic


You had one spell level left.
You knew the following spells:

 Your Spells              Type           Power      Damage    Failure   Level
a - Sandblast             Erth           34%        2d9       2%          1
b - Stone Arrow           Conj/Erth      20%        3d8       21%         3
d - Magic Dart            Conj           12%        1d3       17%         1
p - Passwall              Tmut/Erth      8%         N/A       10%         2

Your spell library contained the following spells:

 Spells                   Type           Power      Damage    Failure   Level
 Call Imp                 Summ           2%         N/A       30%         2
 Ensorcelled Hibernation  Hex/Ice        4%         N/A       30%         2
 Spider Form              Tmut/Pois      1%         N/A       45%         3
 Mephitic Cloud           Conj/Pois/Air  2%         N/A       50%         3
 Petrify                  Tmut/Erth      10%        N/A       54%         4
 Shadow Creatures         Summ           N/A        N/A       100%        6


Dungeon Overview and Level Annotations

Branches:
Dungeon (3/15)

Altars:
Gozag
Yredelemnul

Shops:
D:1 *

Annotations:
D:3 Robin


Innate Abilities, Weirdness & Mutations

You are immune to sickness and miasma.
Your stone body is resilient. (AC +3)
You are immune to poison.
You resist negative energy. (rN+)
You are resistant to electric shocks. (rElec)
You are resistant to unholy torment.
You are immune to petrification.


Message History

Robin is pulled toward you!
Robin is no longer distracted by gold.
The hobgoblin is pulled toward you! The goblin is pulled toward you!
Robin says, "My goblins will feast on your bones."
The goblin is pulled toward you! The hobgoblin is pulled toward you!
Robin is pulled toward you! The hobgoblin is pulled toward you!
Robin throws the goblin out of sight!
* * * LOW HITPOINT WARNING * * *
The goblin closely misses you. The hobgoblin is pulled toward you!
You catch the helpless goblin completely off-guard!
You puncture the goblin!
You kill the goblin!
The goblin barely misses you.
You have reached level 4!
You feel stronger.
The goblin no longer looks unusually strong.
The hobgoblin no longer looks unusually strong.
Robin roars a battlecry!
The goblins go into a battle-frenzy!
The goblin barely misses you.
Things that are here:
4 gold pieces; a +0 club Robin's bangles clink loudly.
The hobgoblin is pulled toward you! Robin is pulled toward you!
The hobgoblin is pulled toward you! Robin is pulled toward you!
The goblin is pulled toward you! The hobgoblin is pulled toward you!
Robin is pulled toward you! Robin is pulled toward you!
Robin is pulled toward you! Robin is pulled toward you!
Robin is pulled toward you!
You flicker for a moment.
The hobgoblin is pulled toward you! Robin is pulled toward you!
The goblin is pulled toward you!
There is a stone staircase leading up here.
Robin hits you with a +5 spectral club.
You die...
Your body crumbles into a pile of gold.

.# #$# #.# .# #.#
#.####### .#####.#
#.......##
.....g.####.#####..#
.#.#.#.#.#.#.#.#.#.#
.............g.....#
.#.#.#.#.#.#.#.#.#.#
...............g...#
.#.#.#.#.#.#.#.#@###
##################


You could see Robin and a goblin (wandering, strong).

Vanquished Creatures
  An adder (D:2)
  2 worms
  A dart slug (D:1)
  3 endoplasms
  2 giant cockroaches (D:1)
  8 goblins
  2 hobgoblins (D:1)
  2 kobolds (D:1)
  2 quokkas (D:2)
  3 ball pythons
  7 bats
  A frilled lizard (D:2)
  5 rats (D:1)
39 creatures vanquished.

Notes
Turn   | Place    | Note
-------+----------+-------------------------------------------
     0 | D:1      | Feb132020 the Gargoyle Earth Elementalist began the quest
                  | for the Orb.
     0 | D:1      | Reached XP level 1. HP: 10/10 MP: 3/3
   321 | D:1      | Reached XP level 2. HP: 15/15 MP: 3/5
   324 | D:1      | Learned a level 2 spell: Passwall
   360 | D:1      | Reached skill level 4 in Earth Magic
   399 | D:1      | Found Baagorr's General Store.
  1055 | D:2      | Reached XP level 3. HP: 12/19 MP: 6/6
  1059 | D:2      | Learned a level 3 spell: Stone Arrow
  1278 | D:2      | Found a basalt altar of Yredelemnul.
  1329 | D:2      | Found a faded altar of an unknown god.
  2054 | D:3      | Found an opulent altar of Gozag.
  2055 | D:3      | Found an opulent altar of Gozag.
  2059 | D:3      | Found an opulent altar of Gozag.
  2062 | D:3      | Became a worshipper of Gozag Ym Sagoz the Greedy
  2257 | D:3      | Learned a level 1 spell: Magic Dart
  2266 | D:3      | Noticed Robin
  2286 | D:3      | HP: 1/20 [Robin/goblin (2)]
  2288 | D:3      | Reached XP level 4. HP: 1/24 MP: 7/7
  2303 | D:3      | Slain by Robin

Illustrated notes

Levels and vault maps discovered:
D:1:      onia_arrival_pentagram, layout_basic, serial_shops,
          nicolae_shop_crystal
D:2:      layout_loops_ring, chequers_ecumenical_altar_island, basic_altar
D:3:      minmay_recursive_quarters, layout_loops_ring,
          overflow_temple_1_default, nicolae_gozag_conspicuous_consumption,
          st_stairs_13, columned_hall_lemuel, supply_closet_lemuel, uniq_ijyb,
          uniq_natasha, uniq_terence, uniq_robin

Skill      XL: |  1  2 |
---------------+-------+-----
Earth Magic    | 4 |  4.7
Fighting       | |  0.3
Dodging        | |  1.9
Stealth        | |  2.3
Spellcasting   | |  2.6
Conjurations   | |  0.4
Transmutations | |  0.7

Action                   |  1- 3 |  4- 6 || total
-------------------------+-------+-------++-------
Melee: Short sword       |    64 |       ||    64
 Cast: Sandblast         |    22 |       ||    22
  Use: Scroll            |     1 |       ||     1
       Potion            |     2 |       ||     2
 Stab: Sleeping          |     2 |       ||     2
       Invisible         |     1 |       ||     1
Armor: Robe              |    28 |       ||    28
Dodge: Dodged            |    42 |     1 ||    43

Table legend: (Time is in decaauts)
 A = Elapsed time spent in this place.
 B = Non-inter-level travel time spent in this place.
 C = Inter-level travel time spent in this place.
 D = Time resting spent in this place.
 E = Time spent auto-exploring this place.
 F = Levels seen in this place.
 G = Mean time per level.
                   A        B        C        D        E       F      G
               +--------+--------+--------+--------+--------+-----+--------+
         Total |   2310 |   2226 |     84 |    102 |   1815 |   3 |  770.0 |
       Dungeon |   2310 |   2226 |     84 |    102 |   1815 |   3 |  770.0 |
               +--------+--------+--------+--------+--------+-----+--------+

Top non-repeatable levels by time:
     D:1: 1005 daAuts
     D:2: 1000 daAuts
     D:3: 303 daAuts
